 Dungeon Crawl Stone Soup version 0.20-a0-940-g1ecfa5a (webtiles) character file.

112 Rrauwl the Skirmisher (level 4, -7/49 HPs)
             Began as an Ogre Berserker on Mar 31, 2017.
             Was a Believer of Trog.
             Mangled by a gnoll
             ... wielding a +0 spear
              (8 damage)
             ... on level 2 of the Dungeon.
             The game lasted 00:05:28 (1370 turns).

Rrauwl the Skirmisher (Ogre Berserker)              Turns: 1370, Time: 00:05:29

Health: -7/49      AC:  3    Str: 25    XL:     4   Next: 93%
Magic:  0/4        EV: 10    Int:  8    God:    Trog [**....]
Gold:   104        SH:  0    Dex:  9    Spells: 3/3 levels left

rFire    . . .     SeeInvis .   a - +1 mace
rCold    . . .     Gourm    .   (no shield)
rNeg     . . .     Faith    .   b - +0 animal skin
rPois    .         Spirit   +   (helmet restricted)
rElec    .         Reflect  .   (no cloak)
rCorr    .         Harm     .   (gloves unavailable)
MR       .....                  (boots unavailable)
Stlth    +.........             d - amulet of guardian spirit
Regen    0.2/turn               e - +4 ring of strength
MPRegen  0.1/turn               (no ring)

@: no status effects
A: unfitting armour, tough skin 1
a: Berserk, Trog's Hand, Burn Spellbooks, Renounce Religion


You were on level 2 of the Dungeon.
You worshipped Trog.
Trog was pleased with you.
You were not hungry.

You visited 1 branch of the dungeon, and saw 2 of its levels.

You collected 104 gold pieces.

Inventory:

Hand Weapons
 a - a +1 mace (weapon)
Armour
 b - a +0 animal skin (worn)
Jewellery
 d - an amulet of guardian spirit (around neck)
 e - a +4 ring of strength (left hand)
Scrolls
 h - a scroll of fog {unknown}
 i - a scroll of recharging {unknown}
 j - a scroll of fear {unknown}
 k - a scroll of enchant weapon
 m - 2 scrolls of identify {unknown}
Comestibles
 c - 3 bread rations
 f - 2 fruits
 l - a meat ration
 n - 4 chunks of flesh


   Skills:
 + Level 4.9 Fighting
 + Level 3.6 Maces & Flails
 + Level 1.4 Throwing
 - Level 1.1 Armour
 - Level 3.1 Dodging


You had 3 spell levels left.
You didn't know any spells.

Dungeon Overview and Level Annotations

Branches:
Dungeon (2/15)

Altars:


Innate Abilities, Weirdness & Mutations

You are too large for most types of armour.
You have tough skin. (AC +1)


Message History

The gnoll is almost dead.
The gnoll barely misses you.
The gnoll moves out of view.
The gnoll closely misses you. The gnoll barely misses you.
You sock the gnoll!
You kill the gnoll!
Trog accepts your kill.
The gnoll hits you from afar with a spear.
The gnoll hits you with a spear.
* * * LOW HITPOINT WARNING * * *
The gnoll barely misses you.
Things that are here:
a spear; 14 gold pieces You aren't carrying any potions.
Unknown command.
You barely miss the gnoll. The gnoll hits you with a spear!
* * * LOW HITPOINT WARNING * * *
The gnoll hits you from afar with a spear.
* * * LOW HITPOINT WARNING * * *
The gnoll hits you from afar with a spear!
You die...

.## #...####.##
.. .. ##.## #..#
# ##.# #..##..##
# ##
....(#######....#
.....
#....##....###
.###.
####....##.# .#
#### #......#.#
##
##...##)####.#.#
.#.....#@# ...#
......gg.# ##...
.......)## ...#
#....(..# ..#
#......## .#
#.<.... ..)(...
## ....... ..
.#.....


You could see 2 gnolls.

Vanquished Creatures
  Jessica (D:2)
  2 gnolls (D:2)
  2 adders (D:2)
  An ooze (D:1)
  8 bats
  A goblin (D:1)
  7 hobgoblins
  4 jackals (D:1)
  8 kobolds
  2 quokkas (D:2)
  A ball python (D:2)
  2 frilled lizards (D:2)
  3 rats
42 creatures vanquished.

Notes
Turn   | Place    | Note
-------+----------+-------------------------------------------
     0 | D:1      | Rrauwl the Ogre Berserker began the quest for the Orb.
     0 | D:1      | Reached XP level 1. HP: 24/24 MP: 1/1
    67 | D:1      | Reached XP level 2. HP: 19/32 MP: 2/2
   470 | D:1      | Reached XP level 3. HP: 29/40 MP: 1/3
   908 | D:2      | Reached ** piety under Trog
  1050 | D:2      | Noticed Jessica
  1070 | D:2      | Killed Jessica
  1070 | D:2      | Reached skill level 1 in Throwing
  1070 | D:2      | Reached skill level 1 in Armour
  1070 | D:2      | Reached XP level 4. HP: 23/49 MP: 2/4
  1370 | D:2      | HP: 1/49 [gnoll/spear (4)]
  1370 | D:2      | Mangled by a gnoll

Vault maps used:
D:1:      minmay_arrival_semitransparent, minivault_11, hex_intersection
D:2:      chequers_ecumenical_altar_simple, uniq_robin, uniq_jessica,
          uniq_crazy_yiuf_cottage

Skill      XL: |  1  2  3 |
---------------+----------+-----
Maces & Flails | 3 |  3.6
Throwing       | 1 |  1.4
Armour         | 1 |  1.1
Dodging        | 3 |  3.1
Fighting       | |  4.9

Action                   |  1- 3 |  4- 6 || total
-------------------------+-------+-------++-------
Melee: Mace              |   105 |    35 ||   140
Throw: Javelin           |       |     3 ||     3
Invok: Trog's Hand       |     1 |       ||     1
  Use: Scroll            |     3 |       ||     3
       Potion            |     2 |       ||     2
  Eat: Chunk             |     1 |     1 ||     2
Armor: Animal skin       |    39 |     6 ||    45
Dodge: Dodged            |    70 |    20 ||    90
